 Dungeon Crawl Stone Soup version 0.26-a0-651-gb41185065b (webtiles) character file.

Game seed: 2688364901327546659

322 raph the Ruffian (level 6, -8/61 HPs)
             Began as a Troll Berserker on Sept 29, 2020.
             Was a Priest of Trog.
             Killed by divine providence
             ... invoked by an orc priest
              (13 damage)
             ... on level 4 of the Dungeon.
             The game lasted 00:03:50 (2077 turns).

raph the Ruffian (Troll Berserker)                  Turns: 2077, Time: 00:03:50

Health: -8/61      AC:  6    Str: 26    XL:     6   Next: 22%
Magic:  5/5        EV: 11    Int:  3    God:    Trog [***...]
Gold:   169        SH:  0    Dex: 11    Spells: 5/5 levels left

rFire    . . .     SeeInvis .     - Unarmed
rCold    . . .     Faith    .   (no shield)
rNeg     . . .     Spirit   .   a - +0 animal skin
rPois    .         Reflect  .   (helmet restricted)
rElec    .         Harm     .   (no cloak)
rCorr    .         Rampage  .   (gloves unavailable)
MR       ++...                  (boots unavailable)
Stlth    +.........             (no amulet)
HPRegen  1.60/turn              (no ring)
MPRegen  0.09/turn              (no ring)

@: berserk cooldown, regenerating (expiring), slowed, very slow
A: large, unfitting armour, claws 3, regeneration 1, shaggy fur 1, tough skin 3
a: Berserk, Trog's Hand, Renounce Religion


You were on level 4 of the Dungeon.
You worshipped Trog.
Trog was most pleased with you.
You visited 1 branch of the dungeon, and saw 4 of its levels.

You collected 169 gold pieces.

Inventory:

Hand Weapons
 f - a +0 giant spiked club
Missiles
 h - 98 stones (quivered)
 i - 3 javelins
 l - a throwing net
Armour
 a - a +0 animal skin (worn)
Scrolls
 b - a scroll of identify
 c - a scroll of teleportation {unknown}
 e - a scroll of remove curse
Potions
 d - 3 potions of might
 j - a potion of mutation
 k - a potion of berserk rage
 m - a potion of invisibility
 n - a potion of resistance {unknown}


   Skills:
 + Level 3.5 Fighting
 + Level 3.5 Dodging
 * Level 5.4 Unarmed Combat


You had 5 spell levels left.
You didn't know any spells.
Your spell library was empty.

Dungeon Overview and Level Annotations

Branches:
Dungeon (4/15)
 Temple: D:4-7

Altars:
Gozag
Trog


Innate Abilities, Weirdness & Mutations

You are too large for most types of armour.
You have claws for hands.
Your natural rate of healing is unusually fast.
You are covered in fur. (AC +1)
You have extremely tough skin. (AC +3)


Message History

The orc priest invokes the aid of Beogh against you.
Beogh smites you! The orc wizard casts a spell at you.
The puff of flame misses you.
You closely miss the orc wizard. The orc wizard closely misses you.
The orc priest mumbles some strange prayers to Beogh against you.
Beogh smites you!
* * * LOW HITPOINT WARNING * * *
The orc wizard gestures at you while chanting.
The magic dart hits you.
* * * LOW HITPOINT WARNING * * *
Your skin crawls.
You feel resistant to hostile enchantments.
The orc wizard hits you with a +0 dagger.
* * * LOW HITPOINT WARNING * * *
The orc priest looks satisfied for a moment.
You feel the effects of Trog's Hand fading.
The orc priest calls down the wrath of Beogh upon you.
Beogh smites you!
You die...

#.# ####.## ##.....#
##..##..#
##....#..##)##.#
#..............#
#.########.....#.###..#
#........†.......<....#
........o@.......####....
######o########### . ...
#.#. #.## #


You could see an orc priest and an orc wizard.

Vanquished Creatures
  A phantom (D:3)
  An ogre (D:4)
  An iguana (D:4)
  6 adders
  An ooze (D:2)
  A worm (D:3)
  3 dart slugs
  A leopard gecko (D:1)
  8 bats
  4 giant cockroaches
  8 goblins
  8 hobgoblins
  4 jackals (D:1)
  A quokka (D:2)
  4 frilled lizards
  10 kobolds
  5 rats
67 creatures vanquished.

Notes
Turn   | Place    | Note
-------+----------+-------------------------------------------
     0 | D:1      | raph the Troll Berserker began the quest for the Orb.
     0 | D:1      | Reached XP level 1. HP: 22/22 MP: 0/0
   113 | D:1      | Reached XP level 2. HP: 29/29 MP: 1/1
   652 | D:1      | Reached XP level 3. HP: 36/36 MP: 2/2
   998 | D:2      | Reached ** piety under Trog
   998 | D:2      | Reached skill level 4 in Unarmed Combat
  1021 | D:2      | Found a bloodstained altar of Trog.
  1163 | D:2      | Reached XP level 4. HP: 44/44 MP: 3/3
  1400 | D:2      | Found an opulent altar of Gozag.
  1579 | D:3      | Noticed a phantom
  1600 | D:3      | Killed a phantom
  1600 | D:3      | Reached XP level 5. HP: 53/53 MP: 4/4
  1659 | D:3      | Reached skill level 5 in Unarmed Combat
  1662 | D:3      | Reached *** piety under Trog
  2059 | D:4      | Noticed an ogre
  2065 | D:4      | Killed an ogre
  2065 | D:4      | Reached XP level 6. HP: 61/61 MP: 5/5
  2075 | D:4      | HP: 1/61 [orc wizard/magic dart (6)]
  2077 | D:4      | Killed from afar by an orc priest

Illustrated notes

Levels and vault maps discovered:
D:1:      psy_arrival_terrarium, layout_basic, minmay_misc_feat_tower,
          st_stairs_12
D:2:      layout_rooms, old_standard_altar, lemuel_doored_altar,
          minmay_misc_feat_doors, minmay_pentomino_t2
D:3:      layout_rooms, nrook_campfire
D:4:      layout_loops_ring, makhleb_blood_cavern_becter, amethyst_killhole,
          moated_statue

Skill      XL: |  1  2  3  4  5 |
---------------+----------------+-----
Unarmed Combat | 4 5 |  5.4
Fighting       | 3 |  3.5
Dodging        | 3 |  3.5

Action                   |  1- 3 |  4- 6 || total
-------------------------+-------+-------++-------
Melee: Unarmed           |   104 |    86 ||   190
Invok: Berserk           |     2 |     3 ||     5
       Trog's Hand       |       |     1 ||     1
  Use: Scroll            |       |     8 ||     8
Armor: Animal skin       |    42 |    32 ||    74
Dodge: Dodged            |    48 |    35 ||    83

Table legend: (Time is in decaauts)
 A = Elapsed time spent in this place.
 B = Non-inter-level travel time spent in this place.
 C = Inter-level travel time spent in this place.
 D = Time resting spent in this place.
 E = Time spent auto-exploring this place.
 F = Levels seen in this place.
 G = Mean time per level.
                   A        B        C        D        E       F      G
               +--------+--------+--------+--------+--------+-----+--------+
         Total |   2096 |   2003 |     93 |    220 |   1352 |   4 |  524.0 |
       Dungeon |   2096 |   2003 |     93 |    220 |   1352 |   4 |  524.0 |
               +--------+--------+--------+--------+--------+-----+--------+

Top non-repeatable levels by time:
     D:1: 934 daAuts
     D:3: 566 daAuts
     D:2: 559 daAuts
     D:4: 35 daAuts
